 Dungeon Crawl Stone Soup version 0.30-a0-1082-g70414cbcbb (webtiles) character file.

Game seed: 5825783454533970944

44 Lusmu the Grave Robber (level 3, -3/19 HPs)
             Began as a Tengu Necromancer on Apr 15, 2023.
             Slain by a gnoll
             ... wielding a +2 whip of pain
              (7 damage)
             ... on level 2 of the Dungeon.
             The game lasted 00:04:19 (1389 turns).

Lusmu the Grave Robber (Tengu Necromancer)          Turns: 1389, Time: 00:04:19

Health: -3/19      AC:  5    Str:  8    XL:     3   Next: 60%
Magic:  2/7        EV: 12    Int: 17    God:
Gold:   67         SH:  0    Dex: 14    Spells: 6/7 levels left

rFire   . . .      SeeInvis .    e - +0 mace
rCold   . . .      Faith    .    (no shield)
rNeg    . . .      Spirit   .    a - +0 robe
rPois   .          Reflect  .    (helmet restricted)
rElec   .          Rampage  .    (no cloak)
rCorr   .                        j - +2 pair of gloves
Will    .....                    (boots unavailable)
Stlth   ++                       (no amulet)
HPRegen 0.23/turn                (no ring)
MPRegen 0.10/turn                (no ring)

@: no status effects
A: beak, talons 3
a: no special abilities


You were on level 2 of the Dungeon.
You visited 1 branch of the dungeon, and saw 2 of its levels.

You collected 67 gold pieces.

Inventory:

Hand Weapons
 e - a +0 mace (weapon)
Armour
 a - a +0 robe (worn)
 j - a +2 pair of gloves (worn)
 l - a +0 leather armour
Scrolls
 d - a scroll of fear {unknown}
 f - a scroll of noise {unknown}
 i - 6 scrolls of enchant weapon {unknown}
 m - a scroll of blinking {unknown}
Potions
 b - a potion of magic
 c - a potion of flight {unknown}
 g - a potion of brilliance {unknown}
 h - a potion of berserk rage {unknown}
 k - a potion of curing {unknown}
 n - a potion of degeneration {unknown}


   Skills:
 - Level 2.3 Dodging
 + Level 2.8 Stealth
 + Level 2.5 Spellcasting
 + Level 4.8 Necromancy


You had 6 spell levels left.
You knew the following spells:

 Your Spells              Type           Power      Damage    Failure   Level
a - Necrotise             Necr           72%        1d7       2%          1

Your spell library contained the following spells:

 Spells                   Type           Power      Damage    Failure   Level
 Vampiric Draining        Necr           18%        2d7       8%          3
 Animate Dead             Necr           18%        N/A       26%         4
 Dazzling Flash           Conj/Hex       4%         N/A       50%         3
 Volatile Blastmotes      Fire/Tloc      4%         2d10      50%         3
 Agony                    Necr           18%        N/A       56%         5
 Iskenderun's Mystic Bla  Conj/Tloc      2%         2d3       88%         4
 Starburst                Conj/Fire      1%         6d3       100%        6


Dungeon Overview and Level Annotations

Branches:
Dungeon (2/15)

Altars:


Innate Abilities, Weirdness & Mutations

You have a beak for a mouth.
You have claws for feet.


Message History

Confirm with . or Enter, or press ? or * to list all spells.
Aiming: Necrotise (safe; 2% risk of failure)
Press: ? - help, Shift-Dir - straight line, f/p - gnoll
Aim: a gnoll, wielding a +0 club (almost dead, chance to affect: 83%)
The gnoll writhes in agony.
The gnoll hits you with a +0 club.
Casting: Necrotise (safe; 2% risk of failure)
Confirm with . or Enter, or press ? or * to list all spells.
Aiming: Necrotise (safe; 2% risk of failure)
Press: ? - help, Shift-Dir - straight line, f/p - gnoll
Aim: a gnoll, wielding a +0 club (almost dead, chance to affect: 83%)
The gnoll barely resists.
Casting: Necrotise (safe; 2% risk of failure)
Confirm with . or Enter, or press ? or * to list all spells.
Aiming: Necrotise (safe; 2% risk of failure)
Press: ? - help, Shift-Dir - straight line, f/p - gnoll
Aim: a gnoll, wielding a +0 club (almost dead, chance to affect: 83%)
Okay, then.
The gnoll completely misses you.
Casting: Necrotise (safe; 2% risk of failure)
Confirm with . or Enter, or press ? or * to list all spells.
Aiming: Necrotise (safe; 2% risk of failure)
Press: ? - help, Shift-Dir - straight line, f/p - gnoll
Aim: a gnoll, wielding a +0 club (almost dead, chance to affect: 83%)
The gnoll barely resists.
The gnoll hits you with a +2 whip of pain.
The gnoll attacks as you move away!
The gnoll hits you with a +2 whip of pain.
You writhe in agony.
The gnoll attacks as you move away! The gnoll barely misses you.
The gnoll attacks as you move away!
The gnoll hits you with a +2 whip of pain.
The gnoll attacks as you move away!
The gnoll hits you with a +2 whip of pain!
* * * LOW HITPOINT WARNING * * *
You writhe in agony.
* * * LOW HITPOINT WARNING * * *
The gnoll attacks as you move away! The gnoll barely misses you.
The gnoll attacks as you move away!
The gnoll hits you with a +2 whip of pain!
You die...

## #. ##### #########.
#...#### #.........
###......# ##.#######.
#........# ##...## #.
#........###.....# #.
#....g@.....)...## ##
#.#...##.#####.##
#.#...##.# #.# #.#.####.#
#.# #.#......# ##'##
#.######## ##...##
#####.##### ##.....##
#>........# ##.......## #
#.###.....####.........####


You could see a gnoll.

Vanquished Creatures
  A gnoll (D:2)
  A dart slug (D:2)
  4 ball pythons
  3 bats
  3 endoplasms (D:1)
  A giant cockroach (D:1)
  2 goblins
  6 hobgoblins
  2 frilled lizards (D:2)
  3 kobolds (D:2)
  A rat (D:1)
27 creatures vanquished.

Vanquished Creatures (collateral kills)
  A ball python (D:2)
1 creature vanquished.

Grand Total: 28 creatures vanquished

Notes
Turn   | Place    | Note
-------+----------+-------------------------------------------
     0 | D:1      | Lusmu the Tengu Necromancer began the quest for the Orb.
     0 | D:1      | Reached XP level 1. HP: 10/10 MP: 4/4
   196 | D:1      | Reached XP level 2. HP: 10/15 MP: 6/6
   877 | D:2      | Reached XP level 3. HP: 19/19 MP: 4/7
  1389 | D:2      | Slain by a gnoll

Illustrated notes

Levels and vault maps discovered:
D:1:      shiori_arrival_oz, layout_loops_ring, minmay_misc_feat_diagonals
D:2:      layout_loops_corners

Action                     || total
---------------------------++-------
  Melee: Mace              ||    62
         Kick              ||    18
         Peck              ||     4
   Cast: Necrotise         ||    14
   Stab: Sleeping          ||     4
 Armour: Robe              ||    24
  Dodge: Dodged            ||    58

Table legend: (Time is in decaauts)
 A = Elapsed time spent in this place.
 B = Non-inter-level travel time spent in this place.
 C = Inter-level travel time spent in this place.
 D = Time resting spent in this place.
 E = Time spent auto-exploring this place.
 F = Levels seen in this place.
 G = Mean time per level.
                   A        B        C        D        E       F      G
               +--------+--------+--------+--------+--------+-----+--------+
         Total |   1413 |   1394 |     19 |    100 |    864 |   2 |  706.5 |
       Dungeon |   1413 |   1394 |     19 |    100 |    864 |   2 |  706.5 |
               +--------+--------+--------+--------+--------+-----+--------+

Top non-repeatable levels by time:
     D:1: 860 daAuts
     D:2: 553 daAuts
